 Dungeon Crawl Stone Soup version 0.26-a0-1176-g060ceda6a5 (webtiles) character file.

Game seed: 10697781670267853790

3198 Dracia the Covered (level 9, -5/63 HPs)
             Began as a Demonspawn Fighter on Dec 23, 2020.
             Was an Initiate of Qazlal.
             Slain by a white ugly thing (12 damage)
             ... on level 7 of the Dungeon on Dec 24, 2020.
             The game lasted 00:24:11 (11635 turns).

Dracia the Covered (Demonspawn Fighter)            Turns: 11635, Time: 00:24:12

Health: -5/63      AC: 23    Str: 17    XL:     9   Next: 64%
Magic:  9/9        EV:  7    Int: 13    God:    Qazlal [......]
Gold:   349        SH: 16    Dex: 17    Spells: 8/8 levels left

rFire    + . .     SeeInvis .   a - +1 trident
rCold    . . .     Faith    .   c - +5 kite shield
rNeg     . . .     Spirit   .   u - +0 plate armour
rPois    .         Reflect  .   M - +1 helmet
rElec    .         Harm     .   B - +2 cloak
rCorr    .         Rampage  .   K - +2 pair of gloves of Slimy Intercession {Dex+3}
Will     .....                  w - +0 pair of boots
Stlth    ..........             n - amulet of inaccuracy
HPRegen  0.20/turn              Q - ring of stealth
MPRegen  0.11/turn              (no ring)

@: studying Bows
A: talons 2, demonic guardian 1, fire resistance 1, big brain 1
a: Renounce Religion


You were on level 7 of the Dungeon.
You worshipped Qazlal.
Qazlal was noncommittal.
You visited 2 branches of the dungeon, and saw 9 of its levels.
You also visited: Ossuary.

You collected 349 gold pieces.


Innate Abilities, Weirdness & Mutations

You have razor-sharp toenails.
A weak demonic guardian rushes to your aid.
Your flesh is heat resistant. (rF+)
You have an unusually large brain. (Int +2)


   Skills:
 - Level 3.0 Fighting
 * Level 5.8 Polearms
 - Level 7.0 Armour
 - Level 6.3 Dodging
 - Level 7.0 Shields
 + Level 0.4 Invocations


You had 8 spell levels left.
You didn't know any spells.
Your spell library contained the following spells:

 Spells                   Type           Power        Failure   Level
 Sandblast                Erth           0%           100%        1
 Passwall                 Tmut/Erth      0%           100%        2
 Stone Arrow              Conj/Erth      0%           100%        3
 Petrify                  Tmut/Erth      0%           100%        4
 Lee's Rapid Deconstruct  Erth           0%           100%        5

Inventory:

Hand Weapons
 a - a +1 trident (weapon)
Missiles
 i - a throwing net {=f=f}
 k - 56 poisoned darts (quivered)
Armour
 b - a +0 scale mail
 c - a +5 kite shield (worn)
 u - a +0 plate armour (worn)
 w - a +0 pair of boots (worn)
 B - a +2 cloak (worn)
 G - a +0 helmet
 K - the +2 pair of gloves of Slimy Intercession (worn) {Dex+3}
   (You found it on level 5 of the Dungeon)

   It affects your dexterity (+3).
 M - a +1 helmet (worn)
Jewellery
 n - an amulet of inaccuracy (around neck)
 t - an uncursed ring of teleportation
 C - an uncursed ring of ice
 Q - a ring of stealth (left hand)
 T - an uncursed amulet of faith {!P!P}
Wands
 e - a wand of digging (3)
 y - a wand of random effects (13)
 A - a wand of polymorph (13)
Scrolls
 g - 10 scrolls of teleportation {@r4@r4}
 h - a scroll of blinking
 l - 2 scrolls of remove curse {@r2@r2}
 m - a scroll of amnesia
 D - 6 scrolls of identify {@r1@r1}
 L - 2 scrolls of fog
Potions
 d - 3 potions of might
 f - a potion of ambrosia
 j - 3 potions of haste {@q3@q3}
 o - 2 potions of attraction
 p - 2 potions of brilliance
 q - 4 potions of curing {@q1@q1}
 s - 5 potions of flight
 x - 3 potions of resistance
 z - 3 potions of heal wounds {@q2@q2}
 H - a potion of degeneration
Books
 r - a manual of Bows {!d!d}

Dungeon Overview and Level Annotations

Branches:
Dungeon (8/15)             Temple (1/1) D:7         Ossuary (visited)
   Lair: D:8-11

Altars:
Ashenzari
Cheibriados
Dithmenos
Makhleb
Nemelex Xobeh
Qazlal
Trog
Uskayaw
Wu Jian
The Shining One

Shops:
D:5

*= #.#.#
#.##.#(.###.......##
###.# #.###.>.#
##.....## #.# #.#
#.#.# ##...## #.#
#.###.#.# ##'## #.#
#....5..# #.# #.#
#####5### #.# ###.#
#.# ##.## ....# #u#
##...##### #####
#@######.....##.##
#.....###...##...#
#####.............
######.###...# #.#
##.## #.# ### #.#
#.# #.#


You could see a white ugly thing, a friendly iron imp (summoned) and a friendly
white imp (summoned).


Message History

The white ugly thing trunk-slaps you but does no damage.
Unknown command.
You miss the white ugly thing.
The white ugly thing is severely wounded.
The white ugly thing trunk-slaps you!
* * * LOW HITPOINT WARNING * * *
The white ugly thing freezes you!
* * * LOW HITPOINT WARNING * * *
Unknown command.
You barely miss the white ugly thing.
The white ugly thing is severely wounded.
The white ugly thing barely misses you.
Unknown command.
You block the white ugly thing's attack.
Your iron imp closely misses the white ugly thing.
You block the white ugly thing's attack.
Your iron imp closely misses the white ugly thing.
You hit the white ugly thing but do no damage.
The white ugly thing is severely wounded.
You block the white ugly thing's attack.
You hit the white ugly thing but do no damage.
The white ugly thing is severely wounded.
The white ugly thing trunk-slaps you but does no damage.
Unknown command.
You closely miss the white ugly thing.
The white ugly thing is severely wounded.
The white ugly thing trunk-slaps you!
* * * LOW HITPOINT WARNING * * *
The white ugly thing freezes you!
You die...

Skill      XL: |  1  2  3  4  5  6  7  8  9 |
---------------+----------------------------+-----
Armour         | 3 4 5 6 7 |  7.0
Dodging        | 1 2 3 4 6 |  6.3
Shields        | 3 4 5 6 7 |  7.0
Polearms       | 5 |  5.8
Fighting       | |  3.0
Invocations    | |  0.4

Action                   |  1- 3 |  4- 6 |  7- 9 || total
-------------------------+-------+-------+-------++-------
Melee: Trident           |   158 |   297 |   841 ||  1296
       Kick              |     7 |    38 |       ||    45
Throw: Dart              |       |       |    18 ||    18
       Throwing net      |       |       |     1 ||     1
  Use: Scroll            |    10 |     1 |    10 ||    21
       Potion            |       |       |    14 ||    14
 Stab: Sleeping          |       |       |     2 ||     2
       Distracted        |       |       |     1 ||     1
Armor: Scale mail        |    73 |    83 |   289 ||   445
       Plate armour      |       |       |     8 ||     8
Dodge: Dodged            |    53 |    65 |   347 ||   465
Block: Kite shield       |    67 |   154 |   669 ||   890

Levels and vault maps discovered:
D:1:      saegor_arrival_simple_e, layout_basic
D:2:      layout_basic, corexii_shack
D:3:      layout_basic, kennysheep_small_spiral, uniq_ijyb, uniq_natasha,
          uniq_terence, uniq_crazy_yiuf_cottage
D:4:      layout_cave_pools, enter_ossuary_4, uniq_robin
D:5:      layout_layer_cave, nicolae_overflow_hidden_temple,
          general_overflow_altar, serial_shops, nicolae_shop_behind_doors,
          shop_fountains, uniq_prince_ribbit1, uniq_duvessa, uniq_menkaure
D:6:      layout_layer_cave, minmay_quadrilaterals
D:7:      layout_loops_corners, minmay_temple_entry_waves,
          minmay_manual_monstrance
D:8:      layout_loops_ring, regret_index_temple_of_mockery, erik_lair_island,
          serial_shops, nicolae_shop_competitors_out_of_business,
          gammafunk_ghost_split, makhleb_heckhound_becter, uniq_maggie
Temple:   eino_temple_scatter_basement

Notes
Turn   | Place    | Note
-------+----------+-------------------------------------------
     0 | D:1      | Dracia the Demonspawn Fighter began the quest for the Orb.
     0 | D:1      | Reached XP level 1. HP: 18/18 MP: 1/1
    81 | D:1      | Upgraded the game from 0.26-a0-1164-g1a551d6a14 to
                  | 0.26-a0-1176-g060ceda6a5
   309 | D:1      | Gained mutation: Your flesh is heat resistant. (rF+)
                  | [demonic ancestry]
   309 | D:1      | Reached XP level 2. HP: 24/24 MP: 2/2
   362 | D:1      | Reached skill level 3 in Armour
   409 | D:1      | Reached skill level 1 in Dodging
   409 | D:1      | Reached skill level 3 in Shields
   662 | D:1      | Gained mutation: You have sharp toenails. [demonic
                  | ancestry]
   662 | D:1      | Reached XP level 3. HP: 29/29 MP: 3/3
  1465 | D:3      | Noticed Terence
  1473 | D:3      | Killed Terence
  1474 | D:3      | Reached XP level 4. HP: 31/35 MP: 4/4
  1576 | D:3      | Reached skill level 2 in Dodging
  1829 | D:3      | Gained mutation: You have razor-sharp toenails. [demonic
                  | ancestry]
  1829 | D:3      | Reached XP level 5. HP: 41/41 MP: 5/5
  1885 | D:3      | Noticed Ijyb
  1895 | D:3      | Paralysed by Ijyb for 5 turns
  1907 | D:3      | Killed Ijyb
  1953 | D:3      | Noticed Natasha
  1966 | D:3      | Killed Natasha
  2219 | D:3      | Noticed Natasha
  2227 | D:3      | Killed Natasha
  2228 | D:3      | Reached skill level 4 in Armour
  2228 | D:3      | Reached skill level 4 in Shields
  2647 | D:3      | Found a runed translucent door.
  2648 | D:3      | Noticed Crazy Yiuf
  2750 | D:3      | Noticed Natasha
  2762 | D:3      | Killed Natasha
  3105 | D:3      | Killed Crazy Yiuf
  3106 | D:3      | Gained mutation: You have an unusually large brain. (Int
                  | +2) [demonic ancestry]
  3106 | D:3      | Reached XP level 6. HP: 29/47 MP: 6/6
  3403 | D:4      | Reached skill level 3 in Dodging
  3423 | D:4      | Found a sand-covered staircase.
  3432 | Ossuary  | Entered an ossuary
  3995 | Ossuary  | Reached XP level 7. HP: 39/52 MP: 7/7
  4477 | D:4      | Noticed Robin
  4595 | D:4      | Killed Robin
  5065 | D:5      | Entered Level 5 of the Dungeon
  5131 | D:5      | Reached skill level 5 in Armour
  5223 | D:5      | Reached skill level 4 in Dodging
  5223 | D:5      | Reached skill level 5 in Shields
  5365 | D:5      | Got a pair of warped gloves
  5370 | D:5      | Noticed Prince Ribbit
  5376 | D:5      | Identified the +2 pair of gloves of Slimy Intercession
                  | {Dex+3} (You found it on level 5 of the Dungeon)
  5770 | D:5      | Killed Prince Ribbit
  5915 | D:5      | Found a snail-covered altar of Cheibriados.
  5915 | D:5      | Found a burning altar of Makhleb.
  5939 | D:5      | Found Wonacvir's General Store.
  5995 | D:5      | Noticed Menkaure
  6050 | D:4      | Reached XP level 8. HP: 48/58 MP: 8/8
  6247 | D:5      | Noticed Duvessa
  6250 | D:5      | Noticed Dowan
  6294 | D:5      | Killed Duvessa
  6295 | D:5      | Reached skill level 5 in Dodging
  6399 | D:5      | Killed Dowan
  6400 | D:5      | Reached skill level 6 in Armour
  6488 | D:5      | Found Sonohuak's Jewellery Shoppe.
  6538 | D:5      | Reached skill level 6 in Shields
  6549 | D:5      | Killed Menkaure
  7337 | D:5      | Found a shadowy altar of Dithmenos.
  7497 | D:5      | Found a broken altar of Ashenzari.
  7941 | D:6      | Got a fine robe
  7951 | D:6      | Identified the +1 robe "Uteibbe" {rC+} (You found it on
                  | level 6 of the Dungeon)
  7970 | D:6      | Identified 4 potions of resistance
  8448 | D:6      | Reached skill level 6 in Dodging
  8785 | D:6      | Gained mutation: A weak demonic guardian rushes to your
                  | aid. [demonic ancestry]
  8785 | D:6      | Reached XP level 9. HP: 37/63 MP: 9/9
  9535 | D:7      | Reached skill level 7 in Armour
  9536 | D:7      | Reached skill level 7 in Shields
  9677 | D:7      | Found a staircase to the Ecumenical Temple.
  9786 | D:7      | Reached skill level 2 in Polearms
 10147 | Temple   | Entered the Ecumenical Temple
 10162 | Temple   | Became a worshipper of Qazlal Stormbringer
 10215 | D:7      | Reached skill level 3 in Polearms
 10412 | D:7      | Reached skill level 4 in Polearms
 10731 | D:7      | Reached skill level 5 in Polearms
 10801 | D:7      | Noticed a troll
 10818 | D:7      | Killed a troll
 11597 | D:8      | Noticed a white ugly thing
 11635 | D:7      | Slain by a white ugly thing

Vanquished Creatures
  Prince Ribbit (D:5)
  A troll (D:7)
  Menkaure (D:5)
  An orc warrior (D:7)
  Duvessa (D:5)
  An ice beast (D:5)
  A phantom (D:6)
  A necrophage (D:7)
  2 centaurs
  3 ogres
  Dowan (D:5)
  2 bullfrogs
  3 water moccasin zombies (Ossuary)
  2 scorpions
  A water moccasin skeleton (D:6)
  5 killer bees (D:7)
  A wight (D:6)
  5 hounds
  3 orc priests
  Crazy Yiuf (D:3)
  Terence (D:3)
  Ijyb (D:3)
  Natasha (thrice) (D:3)
  6 orc wizards
  4 worker ants
  A hound zombie (D:7)
  2 mummies (Ossuary)
  Robin (D:4)
  10 adders
  2 shadow imps
  2 ufetubi
  An ooze (D:1)
  7 adder zombies (Ossuary)
  An adder skeleton (D:8)
  3 worms
  4 dart slugs
  4 leopard geckos
  40 orcs
  6 giant cockroaches
  4 gnoll zombies (Ossuary)
  15 goblins
  8 hobgoblins
  11 jackals
  6 kobolds
  A quokka (D:7)
  2 ball pythons
  11 bats
  6 frilled lizards
  2 hobgoblin zombies (Ossuary)
  2 jackal skeletons
  A jackal zombie (D:5)
  5 kobold zombies (Ossuary)
  A leopard gecko skeleton (D:4)
  3 orc zombies (Ossuary)
  6 rats
  2 rat zombies (D:4)
222 creatures vanquished.

Vanquished Creatures (collateral kills)
  A black bear (D:7)
  A bullfrog (D:7)
  An orc (D:7)
3 creatures vanquished.

Grand Total: 225 creatures vanquished

Table legend: (Time is in decaauts)
 A = Elapsed time spent in this place.
 B = Non-inter-level travel time spent in this place.
 C = Inter-level travel time spent in this place.
 D = Time resting spent in this place.
 E = Time spent auto-exploring this place.
 F = Levels seen in this place.
 G = Mean time per level.
                   A        B        C        D        E       F      G
               +--------+--------+--------+--------+--------+-----+--------+
         Total |  11945 |  11550 |    395 |   2118 |   6963 |  10 | 1194.5 |
       Dungeon |  11049 |  10664 |    385 |   1837 |   6589 |   8 | 1381.1 |
        Temple |     27 |     17 |     10 |      0 |     10 |   1 |   27.0 |
       Ossuary |    868 |    868 |      0 |    281 |    364 |   1 |  868.0 |
               +--------+--------+--------+--------+--------+-----+--------+

Top non-repeatable levels by time:
     D:5: 2108 daAuts
     D:7: 2067 daAuts
     D:3: 2013 daAuts
     D:6: 1896 daAuts
     D:4: 1334 daAuts
     D:1: 899 daAuts
 Ossuary: 868 daAuts
     D:2: 610 daAuts
     D:8: 119 daAuts
  Temple: 27 daAuts

Table legend:
 A = Non-vault XP
 B = Vault XP
 C = Vault XP percentage of total XP
 D = Non-vault monster count
 E = Vault monster count
 F = Vault count percentage of total count
                 A         B        C        D         E       F
            +---------+---------+-------+---------+---------+-------
      Total |    2868 |    1701 |  37.2 |     169 |      56 |  24.9
            +---------+---------+-------+---------+---------+-------
        D:1 |      47 |       0 |   0.0 |      25 |       0 |   0.0
        D:2 |      37 |       0 |   0.0 |      14 |       0 |   0.0
        D:3 |     183 |     150 |  45.0 |      29 |       6 |  17.1
        D:4 |     391 |      37 |   8.6 |      23 |      13 |  36.1
        D:5 |     336 |     685 |  67.1 |       9 |       4 |  30.8
        D:6 |     633 |     218 |  25.6 |      25 |       5 |  16.7
        D:7 |    1176 |     283 |  19.4 |      34 |       2 |   5.6
        D:8 |      65 |       0 |   0.0 |      10 |       0 |   0.0
    Ossuary |       0 |     328 | 100.0 |       0 |      26 | 100.0
            +---------+---------+-------+---------+---------+-------
